 Dungeon Crawl Stone Soup version 0.31-a0-232-gb1c03b2570 (webtiles) character file.

Game seed: 2185441176674859495

161 qw the Shooter (level 5, -4/45 HPs)
             Began as a Minotaur Hexslinger on July 7, 2023.
             Killed by nerve-wracking pain
             ... invoked by Grinder
              (9 damage)
             ... on level 3 of the Dungeon.
             The game lasted 00:00:59 (1884 turns).

qw the Shooter (Minotaur Hexslinger)                Turns: 1884, Time: 00:00:59

Health: -4/45      AC:  5    Str: 12      XL:     5   Next: 18%
Magic:  5/5        EV: 10    Int:  9 (10) God:
Gold:   128        SH:  0    Dex: 13 (15) Spells: 5/6 levels left

rFire   . . .        Y - +2 sling
rCold   . . .        (no shield)
rNeg    . . .        c - +0 ring mail
rPois   .            (helmet restricted)
rElec   .            (no cloak)
rCorr   .            (no gloves)
SInv    .            (no boots)
Will    .....        (no amulet)
Stlth   +            (no ring)
HPRegen 0.27/turn    (no ring)
MPRegen 0.09/turn

%: no passive effects
@: slowed, very slow
A: horns 2, retaliatory headbutt
a: no special abilities


You were on level 3 of the Dungeon.
You visited 1 branch of the dungeon, and saw 3 of its levels.

You collected 128 gold pieces.


Innate Abilities, Weirdness & Mutations

You have a pair of horns on your head.
You reflexively headbutt those who attack you in melee.


   Skills:
 - Level 3.0 Fighting
 + Level 5.2 Ranged Weapons
 - Level 1.0 Armour
 - Level 2.1 Dodging
 - Level 1.0 Spellcasting
 - Level 2.0 Hexes


You had 5 spell levels left.
You knew the following spells:

 Your Spells              Type           Power      Damage    Failure   Level
a - Slow                  Hex            16%        N/A       36%         1

Your spell library contained the following spells:

 Spells                   Type           Power      Damage    Failure   Level
 Inner Flame              Hex/Fire       2%         N/A       86%         3
 Portal Projectile        Hex/Tloc       4%         N/A       86%         3
 Cause Fear               Hex            2%         N/A       98%         4

Inventory:

Hand Weapons
 Y - a +2 sling (weapon)
Armour
 c - a +0 ring mail (worn)
 g - a +0 cloak
Jewellery
 b - a ring of positive energy
Scrolls
 a - a scroll of identify
Potions
 d - a potion of lignification {unknown}
 e - a potion of berserk rage {unknown}
 f - a potion of ambrosia {unknown}
 h - a potion of curing {unknown}
 l - a potion of haste

Dungeon Overview and Level Annotations

Branches:
Dungeon (3/15)

Altars:
Uskayaw

Annotations:
D:3 Grinder


Message History

Grinder blinks!
You shoot a sling bullet.
The sling bullet hits the orc but does no damage.
The orc throws a curare-tipped dart.
The curare-tipped dart hits you.
You are poisoned.
You have difficulty breathing.
You feel yourself slow down.
You shoot a sling bullet.
The sling bullet closely misses the orc.
You feel very sick.
The orc throws a curare-tipped dart.
The curare-tipped dart hits you.
You are more poisoned.
You have difficulty breathing.
You feel as though you will be slow longer.
Grinder blinks!
You start resting.
You feel very sick.
An orc is nearby!
You shoot a sling bullet. The sling bullet hits the orc.
The orc is lightly wounded.
You feel very sick.
You shoot a sling bullet. The sling bullet hits the orc.
You kill the orc!
You feel very sick. Grinder gestures at you.
You resist with significant effort.
You shoot a sling bullet. The sling bullet hits Grinder.
Grinder is moderately wounded.
You feel sick.
You shoot a sling bullet. The sling bullet hits Grinder.
Grinder is heavily wounded.
You feel sick.
You are no longer poisoned.
Grinder gestures at you. Pain shoots through your body!
You start resting.
Grinder is nearby!
You shoot a sling bullet. The sling bullet barely misses Grinder.
Grinder gestures at you. Pain shoots through your body!
You die...

.......#....#...#...#..........##
#.....##.#####......#............
##....<.......................#.#
.#.....#..........#####......%..#
..%.................###......####
...............##....##.......#
.....###.#.....##.............#
..... #.......##......#......#
..... ........#@.##....<.....#
.#... .....5..%####.........# .#
#. ........)............# .#...
#.....###....#.......# .)...
##...# ....#.......# ..... #...
#.....o....... ..... #.. ..)..
..... #... .... ##### ... /...


You could see Grinder.

Vanquished Creatures
  Jessica (D:2)
  Terence (D:2)
  3 adders
  2 dart slugs
  An orc (D:3)
  5 ball pythons
  6 bats
  7 endoplasms
  4 giant cockroaches
  4 goblins
  10 hobgoblins
  5 jackals
  2 quokkas
  2 frilled lizards
  12 kobolds
  7 rats
72 creatures vanquished.

Notes
Turn   | Place    | Note
-------+----------+-------------------------------------------
     0 | D:1      | qw the Minotaur Hexslinger began the quest for the Orb.
     0 | D:1      | Reached XP level 1. HP: 16/16 MP: 1/1
     0 | D:1      | 0 ||| qw: Version: 0.3-a-46-gb1f654a
     0 | D:1      | 0 ||| qw: Game counter: 2331
     0 | D:1      | 0 ||| qw: Melee chars always use a shield: true
     0 | D:1      | 0 ||| qw: God list: Okawaru
     0 | D:1      | 0 ||| qw: Allow faded altars: false
     0 | D:1      | 0 ||| qw: Do Orc after clearing Dungeon:15 true
     0 | D:1      | 0 ||| qw: Do second Lair branch before Depths: true
     0 | D:1      | 0 ||| qw: Lair rune preference: random
     0 | D:1      | 0 ||| qw: Goals: Normal
     0 | D:1      | 0 ||| PLANNING D:1-11
    83 | D:1      | Reached skill level 3 in Ranged Weapons
    83 | D:1      | Reached XP level 2. HP: 23/23 MP: 2/2
   392 | D:1      | Reached XP level 3. HP: 29/29 MP: 3/3
   623 | D:1      | 623 ||| UPGRADING to +0 leather armour.
   633 | D:1      | 633 ||| DROPPING +0 robe.
   634 | D:1      | 634 ||| DROPPING +6 ring of intelligence.
   635 | D:1      | 635 ||| READING 2 scrolls labelled EMUDUE FEME.
   636 | D:1      | 636 ||| READING scroll labelled INUUNONG KIHO.
   641 | D:1      | 641 ||| READING scroll labelled XIRCHE CIBE.
   642 | D:1      | 642 ||| DRINKING 3 sedimented red potions.
   643 | D:1      | 643 ||| DROPPING scroll of poison.
   644 | D:1      | 644 ||| DROPPING 2 potions of degeneration.
   692 | D:2      | Reached skill level 4 in Ranged Weapons
   939 | D:2      | Reached XP level 4. HP: 36/36 MP: 4/4
   964 | D:2      | Noticed Jessica
   972 | D:2      | Killed Jessica
   973 | D:2      | Reached skill level 5 in Ranged Weapons
   973 | D:2      | 973 ||| FLEEEEING.
   974 | D:2      | 974 ||| FLEEEEING.
   975 | D:2      | 975 ||| FLEEEEING.
   976 | D:2      | 976 ||| FLEEEEING.
   977 | D:2      | 977 ||| FLEEEEING.
   978 | D:2      | 978 ||| FLEEEEING.
   979 | D:2      | 979 ||| FLEEEEING.
   980 | D:2      | 980 ||| FLEEEEING.
   981 | D:2      | 981 ||| FLEEEEING.
   983 | D:2      | 983 ||| FLEEEEING.
   984 | D:2      | 984 ||| FLEEEEING.
   985 | D:2      | 985 ||| FLEEEEING.
   986 | D:2      | 986 ||| FLEEEEING.
   987 | D:2      | 987 ||| FLEEEEING.
   988 | D:2      | 988 ||| FLEEEEING.
   989 | D:2      | 989 ||| FLEEEEING.
   990 | D:2      | 990 ||| FLEEEEING.
   991 | D:2      | 991 ||| FLEEEEING.
   992 | D:2      | 992 ||| FLEEEEING.
   993 | D:2      | 993 ||| FLEEEEING.
   994 | D:2      | 994 ||| FLEEEEING.
   995 | D:2      | 995 ||| FLEEEEING.
   996 | D:2      | 996 ||| FLEEEEING.
   997 | D:2      | 997 ||| FLEEEEING.
   998 | D:2      | 998 ||| FLEEEEING.
   999 | D:2      | 999 ||| FLEEEEING.
  1000 | D:2      | 1000 ||| STAIRDANCE
  1040 | D:1      | 1040 ||| READING scroll labelled LAIWOIM MIBEO.
  1041 | D:1      | 1041 ||| READING scroll labelled RUSIGA FEXZYIR.
  1086 | D:2      | Noticed Terence
  1103 | D:2      | HP: 9/36 [Terence/+0 short sword (3)]
  1105 | D:2      | Killed Terence
  1462 | D:2      | Reached skill level 3 in Fighting
  1594 | D:2      | Found a faded altar of an unknown god.
  1626 | D:2      | 1626 ||| UPGRADING to +1 robe of positive energy.
  1636 | D:2      | 1636 ||| UPGRADING to +0 ring mail.
  1646 | D:2      | 1646 ||| DROPPING +1 robe of positive energy.
  1647 | D:2      | 1647 ||| DROPPING +0 leather armour.
  1648 | D:2      | 1648 ||| DRINKING 2 metallic amethyst potions.
  1757 | D:3      | Reached XP level 5. HP: 45/45 MP: 5/5
  1762 | D:3      | Found a hide-covered altar of Uskayaw.
  1769 | D:3      | Reached skill level 1 in Armour
  1868 | D:3      | Noticed Grinder
  1869 | D:3      | 1869 ||| Stepping ~*~*~tactically~*~*~ (outnumbered).
  1879 | D:3      | HP: 10/45 [poisoned by an orc (curare-tipped dart)]
  1882 | D:3      | HP: 4/45 [Grinder/nerve-wracking pain (1)]
  1884 | D:3      | Killed from afar by Grinder

Levels and vault maps discovered:
D:1:      saegor_arrival_simple_b, layout_rooms
D:2:      layout_basic, nicolae_ecumenical_lake_church, hex_tiny,
          kennysheep_nondescript, minmay_misc_feat_alley, uniq_terence,
          uniq_jessica
D:3:      layout_rooms, overflow_temple_1_default, uniq_grinder

Skill      XL: |  1  2  3  4  5 |
---------------+----------------+-----
Ranged Weapons | 3 4 5 |  5.2
Fighting       | 2 3 |  3.0
Armour         | 1 |  1.0
Dodging        | |  2.1
Spellcasting   | |  1.0
Hexes          | |  2.0

Action                     |  1- 3 |  4- 6 || total
---------------------------+-------+-------++-------
   Fire: Sling             |   118 |    98 ||   216
    Use: Scroll            |     3 |     2 ||     5
         Potion            |     1 |     1 ||     2
 Armour: Robe              |     5 |       ||     5
         Leather armour    |     6 |     3 ||     9
         Ring mail         |       |     4 ||     4
  Dodge: Dodged            |    41 |    20 ||    61

Table legend:
 A = Non-vault XP
 B = Vault XP
 C = Vault XP percentage of total XP
 D = Non-vault monster count
 E = Vault monster count
 F = Vault count percentage of total count
                 A         B        C        D         E       F
            +---------+---------+-------+---------+---------+-------
      Total |     157 |      73 |  31.7 |      70 |       2 |   2.8
            +---------+---------+-------+---------+---------+-------
        D:1 |      54 |       0 |   0.0 |      30 |       0 |   0.0
        D:2 |      58 |      73 |  55.7 |      22 |       2 |   8.3
        D:3 |      45 |       0 |   0.0 |      18 |       0 |   0.0
            +---------+---------+-------+---------+---------+-------
